 Dungeon Crawl Stone Soup version 0.31.0-11-ge490571c62 (webtiles) character file.

Game seed: 16741211069513122576

217 qw the Skirmisher (level 5, -5/29 HPs)
             Began as a Deep Elf Hunter on Feb 3, 2024.
             Killed by divine providence
             ... invoked by an orc priest
              (13 damage)
             ... on level 3 of the Dungeon.
             The game lasted 00:00:39 (2027 turns).

qw the Skirmisher (Deep Elf Hunter)                 Turns: 2027, Time: 00:00:40

Health: -5/29      AC:  6    Str: 10    XL:     5   Next: 62%
Magic:  7/7        EV: 11    Int: 14    God:
Gold:   72         SH:  0    Dex: 18    Spells: 4/4 levels left

rFire   . . .        a - +2 shortbow (drain)
rCold   . . .        (shield currently unavailable)
rNeg    . . .        d - +0 ring mail
rPois   .            e - +0 helmet
rElec   .            (no cloak)
rCorr   .            (no gloves)
SInv    .            (no boots)
Will    .....        (no amulet)
Stlth   +            (no ring)
HPRegen 0.24/turn    (no ring)
MPRegen 0.10/turn

%: no passive effects
@: about to teleport
A: no striking features
a: no special abilities


You were on level 3 of the Dungeon.
You visited 1 branch of the dungeon, and saw 3 of its levels.

You collected 100 gold pieces.
You spent 28 gold pieces at shops.


   Skills:
 + Level 1.6 Fighting
 - Level 9.1 Ranged Weapons
 - Level 2.4 Dodging
 - Level 1.2 Stealth


You had 4 spell levels left.
You didn't know any spells.
Your spell library was empty.

Inventory:

Hand Weapons
 a - a +2 shortbow of draining (weapon)
Armour
 d - a +0 ring mail (worn)
 e - a +0 helmet (worn)
Scrolls
 b - a scroll of identify
Potions
 f - 2 potions of might
 i - a potion of enlightenment
 k - a potion of curing {unknown}
 l - a potion of ambrosia {unknown}
 n - a potion of cancellation {unknown}

Dungeon Overview and Level Annotations

Branches:
Dungeon (3/15)

Altars:

Shops:
D:3 ?


Message History

You shoot an arrow. The orc priest shouts!
The arrow hits the orc!
You kill the orc!
You hear a shout!
A quokka comes into view.
You shoot an arrow. The arrow hits the orc priest!
You drain the orc priest.
The orc priest is almost dead.
You hear a shout!
A goblin comes into view. It is wielding a +0 club.
You hear a shout!
You shoot an arrow. The arrow hits the orc priest.
The orc priest is almost dead.
The orc priest looks satisfied for a moment.
The goblin unwields a +0 club.
The goblin wields a +4 sling.
The goblin shoots a sling bullet.
The sling bullet hits you.
You shoot an arrow. The arrow barely misses the orc priest.
The arrow hits the goblin.
You kill the goblin!
A hobgoblin comes into view.
The orc priest mumbles some strange prayers to Beogh against you.
Beogh smites you!
You shoot an arrow.
The arrow closely misses the orc priest.
The arrow barely misses the hobgoblin.
The orc priest casts a cantrip, but nothing happens.
You shoot an arrow.
The arrow closely misses the orc priest.
The orc priest calls down the wrath of Beogh upon you.
Beogh smites you!
2026 ||| READING scroll of teleportation.
As you read the scroll of teleportation, it crumbles to dust.
You feel strangely unstable.
You shoot an arrow. The arrow barely misses the quokka.
The arrow hits the hobgoblin.
The hobgoblin is heavily wounded.
The quokka bites you but does no damage.
The orc priest calls down the wrath of Beogh upon you.
Beogh smites you!
You die...

.. . #.#. ##
...... ..#.# )#
%.#. ....
#).##)..)
#####...o.....
#....@rg.#.....
##..............
#........##..(..
##.#)...#....(...
##......##.##.....
#..#...%...#...#
....#
#........#....## .
#. ..
#####....#....#
.##. . #...##....#
...#


You could see an orc priest (very drained), a quokka and a hobgoblin.

Vanquished Creatures
  A scorpion (D:3)
  An orc wizard (D:3)
  3 adders (D:2)
  3 gnolls (D:2)
  A ribbon worm (D:2)
  4 orcs (D:3)
  13 ball pythons
  8 bats
  4 endoplasms
  6 giant cockroaches
  12 goblins
  4 hobgoblins
  5 quokkas
  A frilled lizard (D:3)
  5 kobolds
  2 rats (D:2)
73 creatures vanquished.

Notes
Turn   | Place    | Note
-------+----------+-------------------------------------------
     0 | D:1      | qw the Deep Elf Hunter began the quest for the Orb.
     0 | D:1      | Reached XP level 1. HP: 12/12 MP: 3/3
     0 | D:1      | 0 ||| qw: Version: 0.3-a-155-g5e7d8dd
     0 | D:1      | 0 ||| qw: Game counter: 3515
     0 | D:1      | 0 ||| qw: Melee chars always use a shield: true
     0 | D:1      | 0 ||| qw: God list: Okawaru
     0 | D:1      | 0 ||| qw: Allow faded altars: false
     0 | D:1      | 0 ||| qw: Do Orc after clearing Dungeon:15 true
     0 | D:1      | 0 ||| qw: Do second Lair branch before Depths: true
     0 | D:1      | 0 ||| qw: Lair rune preference: random
     0 | D:1      | 0 ||| qw: Goals: Normal
     0 | D:1      | 0 ||| PLANNING D:1-11
    60 | D:1      | Found a faded altar of an unknown god.
   125 | D:1      | Reached skill level 6 in Ranged Weapons
   125 | D:1      | Reached XP level 2. HP: 16/16 MP: 4/4
   487 | D:1      | Reached XP level 3. HP: 20/20 MP: 5/5
   595 | D:1      | 595 ||| UPGRADING to +0 ring mail.
   605 | D:1      | 605 ||| DROPPING +0 leather armour.
   606 | D:1      | 606 ||| UPGRADING to +0 helmet.
   611 | D:1      | 611 ||| READING 2 scrolls labelled QUAMOI UVVI.
   611 | D:1      | 611 ||| ENCHANTING +0 shortbow.
   612 | D:1      | 612 ||| READING scroll of enchant weapon.
   612 | D:1      | 612 ||| ENCHANTING +1 shortbow.
   613 | D:1      | 613 ||| READING scroll labelled QEULAVIESSI.
   614 | D:1      | 614 ||| READING scroll labelled WASETA NIUKER.
   617 | D:1      | 617 ||| DRINKING 2 sedimented purple potions.
   618 | D:1      | 618 ||| DROPPING scroll of butterflies.
   689 | D:2      | Reached skill level 7 in Ranged Weapons
   906 | D:2      | Reached XP level 4. HP: 25/25 MP: 6/6
  1531 | D:2      | Reached skill level 8 in Ranged Weapons
  1813 | D:2      | 1813 ||| READING scroll labelled XOSIEBR XAIRPH.
  1814 | D:2      | 1814 ||| READING scroll labelled VECOAJANG.
  1815 | D:2      | 1815 ||| READING scroll labelled PEOPRA UPLOICY.
  1815 | D:2      | 1815 ||| IDENTIFYING bubbling black potion
  1816 | D:2      | 1816 ||| READING scroll labelled MENLEO RABBO.
  1816 | D:2      | 1816 ||| BRANDING +2 shortbow.
  1817 | D:2      | 1817 ||| DRINKING 3 bubbling green potions.
  1818 | D:2      | 1818 ||| DRINKING 2 yellow potions.
  1819 | D:2      | 1819 ||| DROPPING potion of magic.
  1820 | D:2      | 1820 ||| DROPPING potion of degeneration.
  1864 | D:3      | Found Helasha's Magic Scroll Shop.
  1870 | D:3      | 1870 ||| SHOPLISTING scroll of brand weapon (133 gold, have
                  | 83).
  1870 | D:3      | 1870 ||| SHOPLISTING scroll of enchant weapon (105 gold,
                  | have 83).
  1870 | D:3      | 1870 ||| BUYING scroll of identify (28 gold).
  1870 | D:3      | Bought a scroll of identify for 28 gold pieces
  1999 | D:3      | Identified the +1 rapier of Currency {holy, Fly rElec rN+
                  | Str+4}
  2016 | D:3      | Noticed a scorpion
  2018 | D:3      | Reached XP level 5. HP: 29/29 MP: 7/7
  2019 | D:3      | Reached skill level 9 in Ranged Weapons
  2025 | D:3      | HP: 7/29 [orc priest/divine providence (14)]
  2026 | D:3      | 2026 ||| READING scroll of teleportation.
  2027 | D:3      | Killed from afar by an orc priest

Levels and vault maps discovered:
D:1:      minmay_arrival_arboretum_small, layout_basic,
          hellmonk_ecumenical_altar_run_dry
D:2:      layout_basic, minmay_snake_closets
D:3:      layout_rooms, nicolae_gozag_conspicuous_consumption, serial_shops,
          shop, minmay_misc_feat_four_crosses

Skill      XL: |  1  2  3  4  5 |
---------------+----------------+-----
Ranged Weapons | 6 7 8 9 |  9.1
Fighting       | |  1.6
Dodging        | |  2.4
Stealth        | |  1.2

Action                     |  1- 3 |  4- 6 || total
---------------------------+-------+-------++-------
   Fire: Shortbow          |    97 |    73 ||   170
    Use: Scroll            |     4 |     5 ||     9
         Potion            |     1 |     2 ||     3
 Armour: Leather armour    |    14 |       ||    14
         Ring mail         |    17 |    13 ||    30
  Dodge: Dodged            |    17 |     9 ||    26

Table legend:
 A = Non-vault XP
 B = Vault XP
 C = Vault XP percentage of total XP
 D = Non-vault monster count
 E = Vault monster count
 F = Vault count percentage of total count
                 A         B        C        D         E       F
            +---------+---------+-------+---------+---------+-------
      Total |     276 |      35 |  11.3 |      65 |       8 |  11.0
            +---------+---------+-------+---------+---------+-------
        D:1 |      43 |       0 |   0.0 |      25 |       0 |   0.0
        D:2 |      98 |      35 |  26.3 |      26 |       8 |  23.5
        D:3 |     135 |       0 |   0.0 |      14 |       0 |   0.0
            +---------+---------+-------+---------+---------+-------
